 Dungeon Crawl Stone Soup version 0.20.0-8-g6b59dc7 (webtiles) character file.

113 anfisbena the Skirmisher (level 4, 0/42 HPs)
             Began as a Hill Orc Fighter on June 2, 2017.
             Slain by an orc wizard
             ... wielding a +0 dagger
              (3 damage)
             ... on level 3 of the Dungeon.
             The game lasted 00:01:35 (1991 turns).

anfisbena the Skirmisher (Hill Orc Fighter)         Turns: 1991, Time: 00:01:35

Health: 0/42       AC:  8    Str: 18    XL:     4   Next: 96%
Magic:  4/4        EV:  7    Int:  8    God:
Gold:   115        SH:  9    Dex: 11    Spells: 3/3 levels left

rFire    . . .     SeeInvis .   a - +0 war axe
rCold    . . .     Gourm    .   c - +0 shield
rNeg     . . .     Faith    .   b - +0 scale mail
rPois    .         Spirit   .   n - +0 helmet
rElec    .         Reflect  .   (no cloak)
rCorr    .         Harm     .   (no gloves)
MR       .....                  (no boots)
Stlth    ..........             (no amulet)
Regen    0.2/turn               (no ring)
MPRegen  0.1/turn               (no ring)

@: no status effects
A: no striking features
a: Convert to Beogh


You were on level 3 of the Dungeon.
You were not hungry.

You visited 1 branch of the dungeon, and saw 3 of its levels.

You collected 115 gold pieces.

Inventory:

Hand Weapons
 a - a +0 war axe (weapon)
Armour
 b - a +0 scale mail (worn)
 c - a +0 shield (worn)
 n - a +0 helmet (worn)
Scrolls
 e - a scroll of immolation {unknown}
 p - a scroll of magic mapping {unknown}
 q - a scroll of remove curse {unknown}
 s - a scroll of identify {unknown}
Potions
 d - 3 potions of might
 i - a potion of brilliance {unknown}
 j - 2 potions of agility {unknown}
 k - a potion of heal wounds {unknown}
 l - a potion of lignification {unknown}
 m - a potion of berserk rage {unknown}
 r - a potion of curing {unknown}
Comestibles
 f - 2 bread rations
 g - a chunk of flesh
 h - a royal jelly
 o - 2 meat rations


   Skills:
 + Level 5.2 Fighting
 + Level 5.0 Axes
 - Level 3.2 Armour
 - Level 3.2 Shields


You had 3 spell levels left.
You didn't know any spells.

Dungeon Overview and Level Annotations

Branches:
Dungeon (3/15)

Altars:


Message History

You closely miss something. You block the adder's attack.
Something hits you but does no damage. You block the adder's attack.
You hear some strange, mumbled words.
Something tries to affect you, but you resist.
The orc priest shouts, "Join the one true god or die!"
You slash the orc priest!
The orc priest is almost dead.
You closely miss something. You closely miss the adder.
The orc priest threatens, "By the altar or by the axe, you will meet Beogh!"
The orc priest calls down the wrath of Beogh upon you.
Pain shoots through your body!
* * * LOW HITPOINT WARNING * * *
The adder misses you. Something hits you but does no damage.
The adder bites you but does no damage.
You closely miss something. You hit the adder.
You kill the adder!
You closely miss the orc priest.
The orc priest shouts, "Join the one true god or die!"
Something hits you.
You die...

. # ......... ...
.######..#..... #..# ..
.... ...#..... ..... ..
... ......... ##...
.#...###.##.>...#
......
.........##...#.#
#....##.# ...##.......#
...#.)..####.#.......##
#...#@.##......#.#.##
#..o.o...........#.#
#........##.....###.#
#................##.#
.....#######....#....#
###.# ######....###..##
#? #.........# #...# .
............# ##..#
...#####..).# ##.#


You could see an orc priest and an orc.

Vanquished Creatures
  Robin (D:2)
  3 adders
  2 dart slugs (D:1)
  6 leopard geckos
  3 orcs (D:3)
  A ball python (D:3)
  3 bats
  2 giant cockroaches
  10 goblins
  10 hobgoblins
  2 jackals (D:2)
  3 kobolds (D:1)
  A quokka (D:2)
  2 frilled lizards
  8 rats
57 creatures vanquished.

Notes
Turn   | Place    | Note
-------+----------+-------------------------------------------
     0 | D:1      | anfisbena the Hill Orc Fighter began the quest for the Orb.
     0 | D:1      | Reached XP level 1. HP: 19/19 MP: 1/1
    75 | D:1      | Reached XP level 2. HP: 23/27 MP: 2/2
   550 | D:1      | Reached XP level 3. HP: 34/34 MP: 3/3
  1015 | D:2      | Noticed Robin
  1032 | D:2      | Killed Robin
  1032 | D:2      | Reached XP level 4. HP: 26/41 MP: 4/4
  1290 | D:2      | Reached skill level 5 in Fighting
  1987 | D:3      | Reached skill level 5 in Axes
  1991 | D:3      | Slain by an orc wizard

Skill      XL: |  1  2  3  4 |
---------------+-------------+-----
Axes           | 3 4 5 |  5.0
Fighting       | 4 5 |  5.2
Armour         | |  3.2
Shields        | |  3.2

Action                   |  1- 3 |  4- 6 || total
-------------------------+-------+-------++-------
Melee: War axe           |   104 |    97 ||   201
  Eat: Chunk             |     1 |     3 ||     4
Armor: Scale mail        |    41 |    48 ||    89
Dodge: Dodged            |    33 |    32 ||    65
Block: Shield            |    58 |    66 ||   124
